 Dungeon Crawl Stone Soup version 0.20-a0-502-g555d78b (webtiles) character file.

31974 Amnesiac the Jinx (level 13, -6/65 HPs)
             Began as a Spriggan Enchanter on Jan 21, 2017.
             Was an Initiate of Gozag.
             Shot with an arrow by a centaur (7 damage)
             ... in a volcano.
             The game lasted 00:40:31 (15081 turns).

Amnesiac the Jinx (Spriggan Enchanter)             Turns: 15081, Time: 00:40:31

Health: -6/65      AC:  6    Str:  4    XL:     13   Next: 28%
Magic:  19/32      EV: 29    Int: 19    God:    Gozag
Gold:   3331       SH:  0    Dex: 19    Spells: 17/40 levels left

rFire    + . .     SeeInvis +   x - +2 dagger (venom)
rCold    . . .     Gourm    .   T - +2 robe {MR+}
rNeg     . . .     Faith    .   (shield restricted)
rPois    .         Spirit   .   (helmet restricted)
rElec    .         Reflect  .   y - +1 cloak
rCorr    .         Harm     .   (gloves unavailable)
MR       +++..                  (boots unavailable)
Stlth    ++++++....             (no amulet)
Regen    0.2/turn               P - ring of protection from fire
                                j - ring of stealth

@: gold aura, very quick
A: unfitting armour, see invisible, herbivore 3, speed 3, slow metabolism 2
a: Potion Petition, Call Merchant, Bribe Branch, Renounce Religion


You were in a volcano.
You worshipped Gozag.
Gozag was most pleased with you.
You were full.

You visited 3 branches of the dungeon, and saw 17 of its levels.
You also visited: Labyrinth, Ossuary and Volcano.

You collected 3849 gold pieces.
You spent 395 gold pieces at shops.
You paid 123 gold pieces to Gozag.

Inventory:

Hand Weapons
 k - a +1 falchion of flaming
 m - a +3 dagger of freezing
 q - a +2 dagger of draining
 x - a +2 dagger of venom (weapon)
 W - a +1 arbalest of velocity
Missiles
 b - 2 throwing nets (quivered)
 E - 7 needles of paralysis
Armour
 y - a +1 cloak (worn)
 T - a +2 robe of magic resistance (worn)
Jewellery
 j - a ring of stealth (left hand)
 p - an uncursed ring of flight
 C - an uncursed ring of poison resistance
 D - the amulet "Huromink" {Gourm rF++ Int+3 Dex-4}
   (You bought it in a shop on level 6 of the Dungeon)

   [amulet of the gourmand]

   It allows you to eat raw meat even when not hungry.
   It affects your intelligence (+3).
   It affects your dexterity (-4).
   It greatly protects you from fire.
 J - an uncursed ring of wizardry
 L - an uncursed ring of resist corrosion
 P - a ring of protection from fire (right hand)
Wands
 M - a wand of paralysis (11/24)
 Q - a wand of iceblast (5/15)
 R - a wand of digging (11/24)
 S - a wand of disintegration (12/24)
 V - a wand of enslavement (14/24)
Scrolls
 a - a scroll of blinking {unknown}
 c - a scroll of summoning {unknown}
 e - 5 scrolls of enchant armour
 f - 18 scrolls of identify
 h - 4 scrolls of immolation {unknown}
 i - 3 scrolls of amnesia {unknown}
 l - 4 scrolls of fear {unknown}
 n - 6 scrolls of teleportation
 o - 2 scrolls of vulnerability {unknown}
 r - 3 scrolls of fog {unknown}
 u - 9 scrolls of remove curse
 v - a scroll of noise {unknown}
 w - 2 scrolls of recharging {unknown}
 N - a scroll of magic mapping {unknown}
 O - a scroll of torment {unknown}
Potions
 g - 4 potions of flight {unknown}
 s - 3 potions of heal wounds {unknown}
 t - 6 potions of lignification {unknown}
 z - 2 potions of curing {unknown}
 A - 2 potions of degeneration {unknown}
 B - a potion of cure mutation {unknown}
 F - 2 potions of might {unknown}
 G - 2 potions of mutation {unknown}
 H - a potion of invisibility {unknown}
 I - 6 potions of brilliance {unknown}
 K - a potion of agility
 X - 2 potions of berserk rage {unknown}
 Z - a potion of magic
Books
 U - a book of Flames

   Spells                             Type                      Level
   a - Flame Tongue                   Conjuration/Fire             1
   b - Throw Flame                    Conjuration/Fire             2
   c - Conjure Flame                  Conjuration/Fire             3
   d - Inner Flame                    Hexes/Fire                   3
   e - Sticky Flame                   Conjuration/Fire             4
   f - Fireball                       Conjuration/Fire             5
Comestibles
 d - 10 bread rations


   Skills:
 - Level 6.0 Fighting
 - Level 10.0 Short Blades
 + Level 11.6 Dodging
 + Level 11.6 Stealth
 - Level 14.0 Spellcasting
 - Level 14.0 Hexes


You had 17 spell levels left.
You knew the following spells:

 Your Spells              Type           Power        Failure   Level  Hunger
a - Dazzling Spray        Conj/Hex       #####.       1%          3    None
b - Summon Guardian Gole  Hex/Summ       #####...     1%          3    None
c - Yara's Violent Unrav  Hex/Tmut       #####.....   10%         5    ####...
d - Gell's Gravitas       Hex/Tloc       #####.....   1%          3    None
e - Confuse               Hex            ######..     1%          3    None
f - Corona                Hex            ######.      0%          1    None
w - Tukima's Dance        Hex            ######..     1%          3    None
z - Ensorcelled Hibernat  Hex/Ice        #####.       1%          2    None


Dungeon Overview and Level Annotations

Branches:
Dungeon (14/15)            Temple (1/1) D:7            Lair (0/6) D:9
    Orc (2/2) D:12            Elf (0/3) Orc:2
 Vaults: D:13-14

Altars:
Ashenzari
Cheibriados
Dithmenos
Elyvilon
Fedhas
Gozag
Hepliaklqana
Kikubaaqudgha
Makhleb
Nemelex Xobeh
Okawaru
Qazlal
Ru
Sif Muna
Trog
Uskayaw
Vehumet
Xom
Yredelemnul
Zin
The Shining One

Shops:
D:6 *   D:12 [   Orc:2 [

Portals:
Ice
Cave: Orc:2


Innate Abilities, Weirdness & Mutations

You are very small and have problems with some larger weapons.
You are too small for most types of armour.
You have supernaturally acute eyesight. (SInv)
You are a herbivore.
You cover ground extremely quickly.
You need consume almost no food.


Message History

You skewer the centaur like a kebab!!!!
You kill the centaur!
You see here a lajatang of flaming.
X - 2 amethyst potions You see here a lajatang of flaming.
You now have 3331 gold pieces (gained 9).
Things that are here:
a shortbow of flaming; 15 arrows A centaur and a centaur warrior come into view.
The centaur is wielding a shortbow of flaming.
The centaur warrior is wielding a shortbow of flaming.
Found a scroll labeled MAMUDO BEKEM.
Found a rocky tunnel leading out of this place.
The centaur warrior shouts!
The centaur shouts! x2
The centaur warrior shoots an arrow.
The arrow hits you!
* * * LOW HITPOINT WARNING * * *
The centaur shoots an arrow.
The arrow hits you!
* * * LOW HITPOINT WARNING * * *
The centaur shoots an arrow.
The arrow hits you!
You die...
Your body crumbles into a pile of gold.

.## .) ### .c. #.
##.∩ [). #. .$[ ##
#..#.##.. .## ##
#.#.#.. ###∩.##
...##....###.ccc.#
##.......##)?[/.###
#....∩∩..###@.....#
..###............###
#.#....###.###
#.###.##..### ().
#####...## ∩..
#..∩).)..# #.#
####.#.### ## #.###
###


You could see a centaur warrior and 2 centaurs.

Vanquished Creatures
  Rupert (D:13)
  The ghost of nono the Nimble, a journeyman HaNe of Hepliaklqana (Orc:2)
  A minotaur (Lab)
  Erolcha (D:11)
  A centaur warrior (D:14)
  A hydra (D:14)
  A tengu warrior (D:14)
  9 two-headed ogres
  An unseen horror (D:13)
  2 orc knights
  The ghost of anet the Charmwright, a novice DEWz (D:6)
  2 deep elf magi
  4 ugly things
  3 orc sorcerers
  A cyclops (D:13)
  A kobold demonologist (D:13)
  5 trolls
  A merfolk (D:9)
  A hornet (D:12)
  5 slime creatures (D:12)
  3 hippogriffs
  A vampire (D:11)
  Sigmund (D:2)
  6 yaks (D:14)
  2 wyverns
  Grum (D:8)
  6 vampire mosquitoes
  2 hungry ghosts
  A steam dragon (D:12)
  5 wargs
  Menkaure (Ossuary)
  An acid dragon (D:14)
  9 orc warriors
  A necrophage (D:12)
  A phantom (D:4)
  3 sky beasts
  An eye of draining (D:14)
  16 ogres
  4 wolves (D:9)
  8 centaurs
  4 big kobolds
  5 bullfrogs
  A gnoll sergeant (D:6)
  A scorpion (D:8)
  4 killer bees (D:10)
  3 wights (D:10)
  An electric eel (D:11)
  4 howler monkeys
  3 crimson imps
  A quasit (D:14)
  3 centaur zombies
  2 bullfrog zombies
  Crazy Yiuf (D:2)
  6 hounds
  A human zombie (D:8)
  4 jellies
  10 orc priests
  17 orc wizards
  3 bullfrog skeletons
  4 iguanas
  9 worker ants
  A hound zombie (D:7)
  A hound skeleton (D:10)
  3 mummies (Ossuary)
  A howler monkey skeleton (D:5)
  15 adders
  A shadow imp (D:7)
  4 worms
  2 dart slugs
  The ghost of Amnesiac the Sneak, a weakling SpEn (D:3)
  2 leopard geckos
  60 orcs
  3 ball pythons
  7 bats
  A bat zombie (D:3)
  7 giant cockroaches
  8 hobgoblins
  8 jackals
  5 quokkas
  2 frilled lizards
  A giant cockroach zombie (D:5)
  4 gnoll skeletons (Ossuary)
  4 gnoll zombies (Ossuary)
  7 goblins
  2 goblin zombies (Ossuary)
  2 hobgoblin skeletons (Ossuary)
  5 hobgoblin zombies (Ossuary)
  19 kobolds
  2 kobold skeletons (Ossuary)
  3 kobold zombies (Ossuary)
  3 orc skeletons (Ossuary)
  4 orc zombies (Ossuary)
  A quokka skeleton (D:8)
  10 rats
  3 rat skeletons (Ossuary)
  2 rat zombies
407 creatures vanquished.

Vanquished Creatures (collateral kills)
  A kobold demonologist (D:13)
  A big kobold (D:13)
  2 orcs (D:6)
4 creatures vanquished.

Vanquished Creatures (others)
  A dancing weapon (D:9)
  An orc (Orc:2)
  A gnoll skeleton (Ossuary)
  A gnoll zombie (Ossuary)
  3 goblin skeletons (Ossuary)
  A goblin zombie (Ossuary)
  A hobgoblin skeleton (Ossuary)
  2 hobgoblin zombies (Ossuary)
  A kobold skeleton (Ossuary)
  A kobold zombie (Ossuary)
  2 orc skeletons (Ossuary)
  3 rat skeletons (Ossuary)
  A rat zombie (Ossuary)
19 creatures vanquished.

Grand Total: 430 creatures vanquished

Notes
Turn   | Place    | Note
-------+----------+-------------------------------------------
     0 | D:1      | Amnesiac the Spriggan Enchanter began the quest for the Orb.
     0 | D:1      | Reached XP level 1. HP: 9/9 MP: 5/5
   455 | D:2      | Reached XP level 2. HP: 11/13 MP: 5/7
   470 | D:2      | Learned a level 2 spell: Ensorcelled Hibernation
   471 | D:2      | Noticed Sigmund
   499 | D:3      | Reached XP level 3. HP: 15/16 MP: 5/10
   637 | D:3      | Found an ancient bone altar of Kikubaaqudgha.
   728 | D:3      | Reached skill level 5 in Spellcasting
   795 | D:3      | Noticed Amnesiac's ghost (weakling SpEn)
   812 | D:4      | Noticed a phantom
   818 | D:4      | Learned a level 3 spell: Confuse
   822 | D:4      | Learned a level 3 spell: Tukima's Dance
   826 | D:4      | Learned a level 3 spell: Dazzling Spray
   993 | D:4      | Found a sacrificial altar of Ru.
  1095 | D:4      | Reached XP level 4. HP: 21/21 MP: 2/12
  1099 | D:4      | Found a deep blue altar of Sif Muna.
  1753 | D:4      | Reached skill level 5 in Hexes
  1879 | D:4      | Reached XP level 5. HP: 21/24 MP: 4/13
  2255 | D:5      | Entered Level 5 of the Dungeon
  2273 | D:5      | Reached XP level 6. HP: 28/28 MP: 9/14
  2460 | D:5      | Reached skill level 5 in Stealth
  3628 | D:6      | Reached skill level 5 in Short Blades
  3752 | D:6      | Noticed anet's ghost (novice DEWz)
  3808 | D:6      | Noticed a sky beast
  3836 | D:5      | Killed a sky beast
  3836 | D:5      | Reached XP level 7. HP: 22/32 MP: 3/15
  3984 | D:6      | HP: 1/32 [anet's ghost/magic dart (12)]
  4540 | D:6      | Killed anet's ghost
  4540 | D:6      | Reached XP level 8. HP: 36/36 MP: 5/16
  4837 | D:6      | Found Maboinioj's Assorted Antiques.
  4954 | D:7      | Found a staircase to the Ecumenical Temple.
  4965 | Temple   | Entered the Ecumenical Temple
  5075 | D:7      | Found an opulent altar of Gozag.
  5083 | D:7      | Became a worshipper of Gozag Ym Sagoz the Greedy
  5289 | D:2      | Killed Sigmund
  5838 | D:2      | You fall through a shaft for 2 floors!
  5986 | D:2      | Found a runed door.
  6186 | D:2      | Found a faded altar of an unknown god.
  6509 | D:2      | Found a hazy altar of Hepliaklqana.
  6594 | D:2      | Noticed Crazy Yiuf
  6598 | D:2      | Killed Crazy Yiuf
  6715 | D:3      | Found a blossoming altar of Fedhas.
  6756 | D:3      | Killed Amnesiac's ghost
  7416 | D:7      | Reached XP level 9. HP: 39/39 MP: 20/20
  7642 | D:6      | Bought a scroll labeled LOISAG VAOD for 29 gold pieces
  7642 | D:6      | Bought a clouded platinum amulet for 145 gold pieces
  7642 | D:6      | Bought a scroll labeled LOISAG VAOD for 29 gold pieces
  7642 | D:6      | Bought a scroll labeled HEMNIL MIPNOU for 29 gold pieces
  7642 | D:6      | Bought a scroll labeled EROD LOFUOME for 29 gold pieces
  7764 | D:8      | Noticed a two-headed ogre
  7772 | D:8      | Killed a two-headed ogre
  7790 | D:8      | Reached skill level 1 in Fighting
  7873 | D:8      | Found a sand-covered staircase.
  7908 | Ossuary  | Entered an ossuary
  8269 | Ossuary  | Noticed Menkaure
  8289 | Ossuary  | Killed Menkaure
  8520 | D:9      | Noticed Grum
  8557 | D:8      | Killed Grum
  8574 | D:8      | Identified the amulet "Huromink" {Gourm rF++ Int+3 Dex-4} (You bought it in a shop on level 6 of the Dungeon)
  8907 | D:9      | Noticed a white ugly thing
  8917 | D:9      | Noticed a troll
  8921 | D:9      | Killed a white ugly thing
  8921 | D:9      | Reached skill level 5 in Fighting
  8921 | D:9      | Reached XP level 10. HP: 51/51 MP: 3/21
  9407 | D:9      | Found a staircase to the Lair.
  9751 | D:9      | Found a glowing silver altar of Zin.
 10082 | D:10     | Entered Level 10 of the Dungeon
 10216 | D:10     | Reached skill level 10 in Stealth
 10316 | D:10     | Reached skill level 10 in Short Blades
 10606 | D:10     | Reached skill level 10 in Dodging
 10814 | D:11     | Noticed Erolcha
 10833 | D:11     | Killed Erolcha
 11002 | D:11     | You fall through a shaft for 3 floors!
 11002 | D:14     | Noticed a green ugly thing
 11005 | D:14     | Noticed a green ugly thing
 11005 | D:14     | Noticed a green ugly thing
 11011 | D:14     | Killed a green ugly thing
 11011 | D:14     | Reached XP level 11. HP: 56/56 MP: 22/24
 11014 | D:14     | Killed a green ugly thing
 11015 | D:14     | Killed a green ugly thing
 11040 | D:14     | Noticed a deep elf mage
 11040 | D:14     | Noticed an eight-headed hydra
 11041 | D:14     | Killed an eight-headed hydra
 11043 | D:14     | Killed a deep elf mage
 11222 | D:14     | Noticed a two-headed ogre
 11229 | D:14     | Killed a two-headed ogre
 11229 | D:14     | Reached skill level 10 in Spellcasting
 11229 | D:14     | Reached skill level 10 in Hexes
 11258 | D:14     | Noticed a tengu warrior
 11274 | D:14     | Killed a tengu warrior
 11479 | D:14     | Noticed a two-headed ogre
 11480 | D:14     | Found a labyrinth entrance.
 11483 | D:14     | Killed a two-headed ogre
 11506 | Lab      | Entered a labyrinth
 11581 | Lab      | Noticed a minotaur
 11605 | Lab      | Killed a minotaur
 11690 | D:14     | Noticed a centaur warrior
 11696 | D:14     | Killed a centaur warrior
 11696 | D:14     | Reached XP level 12. HP: 61/61 MP: 28/28
 11859 | D:13     | Noticed a two-headed ogre
 11865 | D:13     | Killed a two-headed ogre
 11966 | D:13     | Noticed Rupert
 11999 | D:13     | Killed Rupert
 13057 | D:11     | Learned a level 3 spell: Summon Guardian Golem
 13266 | D:12     | Learned a level 5 spell: Yara's Violent Unravelling
 13270 | D:12     | Learned a level 3 spell: Gell's Gravitas
 13274 | D:12     | Found Afaerchar's Antique Armour Emporium.
 13476 | D:12     | Noticed a two-headed ogre
 13776 | D:11     | Killed a two-headed ogre
 13819 | D:12     | Bought an embroidered robe for 134 gold pieces
 14041 | D:12     | Found a staircase to the Orcish Mines.
 14225 | Orc:1    | Entered Level 1 of the Orcish Mines
 14571 | Orc:2    | Entered Level 2 of the Orcish Mines
 14582 | Orc:2    | Found a staircase to the Elven Halls.
 14589 | Orc:2    | Reached XP level 13. HP: 53/65 MP: 21/31
 14703 | Orc:2    | Found Xiwi's Antique Armour Boutique.
 14752 | Orc:2    | Noticed nono's ghost (journeyman HaNe)
 14774 | Orc:2    | Killed nono's ghost
 14926 | Orc:2    | Found a frozen archway.
 15055 | Orc:2    | Found a dark tunnel.
 15061 | Volcano  | Entered a volcano
 15081 | Volcano  | HP: 1/65 [centaur/arrow (10)]
 15081 | Volcano  | Shot with an arrow by a centaur

Vault maps used:
D:1:      onia_arrival_mini_spirals
D:2:      overflow_temple_1_default, chequers_ecumenical_altar_grove,
          grunt_ministairs_3, uniq_crazy_yiuf_cottage, uniq_sigmund
D:3:      lemuel_coloured_pillars_altar, lemuel_zombie_altar_kikubaaqudgha,
          hex_medium, minmay_liquid_box, minmay_fountain_box, grunt_ministairs_6
D:4:      nicolae_overflow_crystal_walls, nicolae_ru_awakened_eye, first_bread
D:6:      serial_shops, nicolae_shop_crystal, minmay_misc_feat_tower
D:7:      overflow_temple_1_default
D:8:      enter_ossuary_3
D:9:      kennysheep_mini, erik_lair_orcish_takeover, hangedman_fish_farm,
          uniq_grum
D:11:     uniq_erolcha
D:12:     orc_0_dummy, serial_shops, shop_fountains, serial_column_ruins,
          column_ruins_hut, column_ruins_columns_straight, column_ruins_grid_1,
          column_ruins_open_tiny, column_ruins_columns_plus
D:13:     lightli_vaults_fourway_checkpoint, uniq_rupert
D:14:     lab_entry_generic
Temple:   zaba_magenta_temple
Orc:2:    st_orc_ogre_mass, portal_ice_cave_entry_pillars_2,
          nicolae_volcano_entry_hallway, serial_shops,
          nicolae_shop_behind_doors, nicolae_orc_crystal_geode
Lab:      labyrinth_mini_lab, nicolae_lab_grate, nicolae_lab_arrow,
          nicolae_lab_diamond, nicolae_lab_swirl, nicolae_lab_plus,
          nicolae_lab_checkerboard, labyrinth_glass_1, nicolae_lab_very_dead_end
Ossuary:  ossuary_due_pyramid
Volcano:  volcano_caves

Skill      XL: |  1  2  3  4  5  6  7  8  9 10 11 12 13 |
---------------+----------------------------------------+-----
Spellcasting   | 3 4 5 7 8 11 13 14 | 14.0
Hexes          | 4 5 7 8 11 14 | 14.0
Short Blades   | 2 4 5 6 7 8 10 | 10.0
Stealth        | 6 8 10 11 | 11.6
Dodging        | 8 10 11 | 11.6
Fighting       | 5 6 |  6.0

Action                   |  1- 3 |  4- 6 |  7- 9 | 10-12 | 13-15 || total
-------------------------+-------+-------+-------+-------+-------++-------
Melee: Dagger            |    58 |    96 |   385 |   511 |    65 ||  1115
 Cast: Corona            |     4 |       |       |       |       ||     4
       Ensorcelled Hiber |    17 |    36 |    44 |   119 |    33 ||   249
       Confuse           |     1 |    13 |    32 |    34 |    10 ||    90
       Dazzling Spray    |       |     2 |     2 |       |       ||     4
       Tukima's Dance    |       |       |     5 |     9 |       ||    14
Invok: Potion Petition   |       |       |       |       |     1 ||     1
  Use: Scroll            |       |       |       |       |     5 ||     5
 Stab: Sleeping          |    18 |    21 |    47 |   102 |    21 ||   209
       Confused          |       |     5 |    19 |    26 |     6 ||    56
       Distracted        |       |       |     4 |     6 |       ||    10
       Invisible         |       |       |     2 |       |       ||     2
  Eat: Bread ration      |       |     1 |       |       |       ||     1
       Pizza             |       |       |     4 |       |       ||     4
       Fruit             |       |       |       |     6 |       ||     6
       Royal jelly       |       |       |       |     1 |       ||     1
Armor: Robe              |     8 |     8 |    10 |     6 |     4 ||    36
       Animal skin       |       |       |     3 |    11 |       ||    14
Dodge: Dodged            |    50 |    56 |   177 |   325 |    66 ||   674
